 Dungeon Crawl Stone Soup version 0.29.0-11-gd7f09526c8 (webtiles) character file.

Game seed: 13821190738266371282

24038 Doot the Eclecticist (level 13, -8/95 HPs)
             Began as a Meteoran Conjurer on Sept 4, 2022.
             Was a High Priest of Vehumet.
             Shot with an arrow by a centaur warrior (29 damage)
             ... on level 13 of the Dungeon on Sept 6, 2022.
             The game lasted 00:36:00 (5950 turns).

Doot the Eclecticist (Meteoran Conjurer)            Turns: 5950, Time: 00:36:01

Health: -8/95      AC: 16    Str:  4    XL:     13   Next: 74%
Magic:  25/33      EV: 16    Int: 29    God:    Vehumet [*****.]
Gold:   555        SH:  0    Dex: 16    Spells: 6/42 levels left

rFire   . . .      SeeInvis .   Q - +8 great sword of Mayhem {vorpal, Fly rC++ Will+ Str-4}
rCold   + + .      Faith    .   (shield currently unavailable)
rNeg    . . .      Spirit   .   O - +2 robe {Will+}
rPois   .          Reflect  .   C - +1 helmet
rElec   .          Harm     .   t - +1 cloak
rCorr   .          Rampage  .   A - +2 pair of gloves
Will    +++..                   r - +0 pair of boots
Stlth   +.........              (no amulet)
HPRegen 0.25/turn               G - +4 ring of protection
MPRegen 0.23/turn               P - +6 ring of intelligence

@: flying, glowing
A: sense surroundings 2, otherworldly, glowing, explore regen
a: Renounce Religion


You were on level 13 of the Dungeon.
You worshipped Vehumet.
Vehumet was extremely pleased with you.
You visited 3 branches of the dungeon, and saw 16 of its levels.

You collected 687 gold pieces.
You spent 132 gold pieces at shops.

Inventory:

Hand Weapons
 a - a +2 dagger of venom
 e - a +0 dagger
 l - a +2 spear of freezing
 z - the +1 rapier "Ycuneos" {pain, rF- rN+ Int+4}
   (You found it on level 6 of the Dungeon)

   In the hands of one skilled in necromantic magic, it inflicts extra damage on
   living creatures.
   Int:       It affects your intelligence (+4).
   rF:        It makes you vulnerable to fire.
   rN:        It protects you from negative energy.
 Q - the +8 great sword of Mayhem (weapon) {vorpal, Fly rC++ Will+ Str-4}
   (You took it off a tengu conjurer on level 10 of the Dungeon)

   It inflicts extra damage upon your enemies.
   Str:       It affects your strength (-4).
   rC:        It greatly protects you from cold.
   Fly:       It grants you flight.
   Will:      It increases your willpower.
Armour
 c - a +0 pair of gloves
 g - a +0 robe
 r - a +0 pair of boots (worn)
 t - a +1 cloak (worn)
 A - a +2 pair of gloves (worn)
 C - a +1 helmet (worn)
 O - a +2 robe of willpower (worn)
Magical Staves
 b - a staff of earth
 w - a staff of poison
Jewellery
 G - a +4 ring of protection (left hand)
 I - a ring of see invisible
 P - a +6 ring of intelligence (right hand)
 T - a ring of ice
 Y - a ring of ice
Wands
 J - a wand of mindburst (6)
 R - a wand of acid (5)
 V - a wand of roots (2)
Scrolls
 d - 2 scrolls of vulnerability {unknown}
 h - 4 scrolls of amnesia {unknown}
 j - 2 scrolls of butterflies {unknown}
 k - 2 scrolls of fear {unknown}
 m - 3 scrolls of magic mapping {unknown}
 n - 2 scrolls of blinking {unknown}
 s - 3 scrolls of identify {unknown}
 u - a scroll of summoning {unknown}
 v - a scroll of enchant weapon {unknown}
 x - 2 scrolls of noise {unknown}
 y - 2 scrolls of poison {unknown}
 D - 2 scrolls of immolation {unknown}
 F - 4 scrolls of teleportation {unknown}
 N - a scroll of enchant armour {unknown}
 W - a scroll of brand weapon {unknown}
Potions
 f - a potion of resistance {unknown}
 i - 2 potions of cancellation {unknown}
 o - 2 potions of magic
 p - a potion of flight {unknown}
 q - 5 potions of heal wounds
 B - a potion of degeneration
 E - 2 potions of lignification {unknown}
 H - a potion of haste {unknown}
 K - a potion of might {unknown}
 L - 3 potions of attraction {unknown}
 M - 3 potions of berserk rage {unknown}
 S - 2 potions of brilliance {unknown}
Miscellaneous
 U - a condenser vane
 X - a condenser vane


   Skills:
 + Level 3.6 Fighting
 + Level 1.8(2.5) Short Blades
 + Level 2.8(3.2) Long Blades
 + Level 1.3 Staves
 + Level 7.3 Dodging
 + Level 2.7 Stealth
 + Level 15.4 Spellcasting
 + Level 13.7 Conjurations
 + Level 5.8 Translocations
 + Level 2.0 Fire Magic
 * Level 3.8 Ice Magic
 + Level 10.9 Earth Magic


You had 6 spell levels left.
You knew the following spells:

 Your Spells              Type           Power      Damage    Failure   Level
a - Magic Dart            Conj           100%       1d8       0%          1
b - Searing Ray           Conj           100%       2d8       0%          2
c - Iskenderun's Mystic   Conj/Tloc      68%        2d14      1%          4
d - Stone Arrow           Conj/Erth      100%       3d13      1%          3
e - Sticky Flame          Conj/Fire      61%        2d8       1%          4
f - Lee's Rapid Deconstr  Erth           36%        3d19*     1%          5
g - Conjure Ball Lightni  Conj/Air       29%        3x3d8     5%          6
h - Ozocubu's Refrigerat  Ice            22%        4d12      65%         7
i - Dispel Undead         Necr           22%        3d12      22%         4

Your spell library contained the following spells:

 Spells                   Type           Power      Damage    Failure   Level
 Eringya's Noxious Bog    Tmut/Pois      11%        N/A       58%         6
 Freeze                   Ice            100%       1d11      1%          1
 Sandblast                Erth           100%       2d20      1%          1
 Ensorcelled Hibernation  Hex/Ice        66%        N/A       1%          2
 Passwall                 Tmut/Erth      43%        N/A       1%          2
 Static Discharge         Conj/Air       58%        3-11/arc  1%          2
 Conjure Flame            Conj/Fire      61%        6-21      1%          3
 Dazzling Flash           Conj/Hex       100%       N/A       1%          3
 Frozen Ramparts          Ice            88%        1d14      1%          3
 Ignite Poison            Fire/Tmut/Pois 26%        N/A       1%          3
 Ozocubu's Armour         Ice            44%        N/A       1%          3
 Fulminant Prism          Conj/Hex       29%        3d14      1%          4
 Hailstorm                Conj/Ice       65%        3d14      1%          4
 Lightning Bolt           Conj/Air       29%        1d45      1%          5
 Slow                     Hex            88%        N/A       2%          1
 Confusing Touch          Hex            22%        N/A       6%          3
 Swiftness                Air            22%        N/A       6%          3
 Vampiric Draining        Necr           22%        2d7       6%          3
 Anguish                  Hex/Necr       11%        N/A       22%         4
 Summon Mana Viper        Hex/Summ       22%        N/A       52%         5
 Enfeeble                 Hex            11%        N/A       100%        7
 Maxwell's Capacitive Co  Air            11%        ∞         100%        8


Dungeon Overview and Level Annotations

Branches:
Dungeon (13/15) Zot: 1978  Temple (1/1) D:5 Zot: 557    Lair (0/5) D:9
    Orc (2/2) D:10 Zot: 1109     Elf (0/3) Orc:2
 Vaults: D:13-14

Altars:
Ashenzari
Cheibriados
Dithmenos
Elyvilon
Fedhas
Gozag
Hepliaklqana
Kikubaaqudgha
Makhleb
Nemelex Xobeh
Okawaru
Qazlal
Ru
Sif Muna
Trog
Uskayaw
Vehumet
Wu Jian
Xom
Yredelemnul
Zin
The Shining One

Shops:
D:4 (   D:7 !   D:11 *   D:13 (

Annotations:
D:4 Ijyb


Innate Abilities, Weirdness & Mutations

You passively map the area around you.
You are easily found by Zot.
You glow in the dark.
You regain HP and MP as you explore.


Message History

You start memorising the spell.
You continue memorising. x4
You finish memorising.
Spell assigned to 'i'.
Unknown command.
Unknown command.
Found a stone staircase leading down.
You reach down and open the door.
Found a wand of polymorph (6).
Found a smoky red potion.
There is an open door here.
M - 3 smoky red potions (gained 1)
You reach down and open the door.
There is an open door here.
You reach down and open the door.
There is an open door here.
A centaur warrior comes into view.
The centaur warrior wields a +4 longbow.
The centaur warrior shoots an arrow.
The arrow hits you!
The centaur warrior shoots an arrow.
The arrow completely misses you.
Unknown command.
The stone arrow hits the centaur warrior!!
The centaur warrior is heavily wounded.
The centaur warrior shoots an arrow.
The arrow hits you!!
The centaur warrior shoots an arrow.
The arrow hits you!
Unknown command.
Unknown command.
The stone arrow misses the centaur warrior.
The centaur warrior shoots an arrow.
The arrow hits you!!
You are too injured to fight recklessly!
You are too injured to fight recklessly!
Casting: Stone Arrow (safe; 1% risk of failure)
Confirm with . or Enter, or press ? or * to list all spells.
Aiming: Stone Arrow (safe; 1% risk of failure)
Press: ? - help, Shift-Dir - straight line, f/p - centaur warrior
Aim: a centaur warrior, wielding a +4 longbow (heavily wounded, 84% to hit)
The stone arrow hits the centaur warrior!!
The centaur warrior is almost dead.
The centaur warrior shoots an arrow.
The arrow hits you!
* * * LOW HITPOINT WARNING * * *
The centaur warrior shoots an arrow.
The arrow hits you!!
You die...

#...<...... ..................
#.......... ,..................
,#.......#######.....#########..
#.......#.....#.....* .....#..
###....####.....#.....*.......#..
.......#,....... #.......###
.......# .......#######...../....
.......# ........................
.......# ...c...@#'###...........
.......# ........#...#...........
.......# ........#...#...........
.......#####.....#...'...........
...........#.....#...#...........
...........#.....#...#...........
...........#.....#...#...........
..........##.....#####...........
#.#####...# , ..............


You could see a centaur warrior.

Vanquished Creatures
  A hydra (D:12)
  Erica (D:9)
  5 two-headed ogres
  2 centaur warriors
  2 tengu warriors (D:13)
  5 ugly things
  4 manticores
  A cyclops (D:11)
  4 unseen horrors
  A kobold demonologist (D:12)
  A tengu conjurer (D:10)
  3 trolls
  Prince Ribbit (D:6)
  A hornet (D:11)
  2 shadows
  3 wyverns
  3 wraiths
  Eustachio (D:6)
  A steam dragon (D:10)
  20 yaks
  Grum (D:9)
  3 vampire mosquitoes (D:11)
  2 acid dragons
  3 black bears
  10 orc warriors
  An ice beast (D:6)
  2 ogres (Orc:2)
  A phantom (D:7)
  3 wolves (D:9)
  A centaur (D:9)
  4 kobold brigands
  7 bullfrogs
  3 gnoll sergeants (D:8)
  A necrophage (D:6)
  Blork the orc (D:6)
  2 scorpions
  5 wights
  28 killer bees
  8 howler monkeys
  2 hounds (D:5)
  10 orc priests
  Crazy Yiuf (D:4)
  A gnoll bouda (D:7)
  3 jellies
  3 iguanas
  12 orc wizards
  23 gnolls
  3 adders
  10 river rats (D:6)
  3 ufetubi
  2 worms
  2 dart slugs
  40 orcs
  4 ball pythons
  6 endoplasms
  6 giant cockroaches
  10 goblins
  4 hobgoblins
  3 jackals
  19 kobolds
  7 quokkas
  4 bats
  3 frilled lizards
  19 rats
348 creatures vanquished.

Vanquished Creatures (others)
  3 ball lightnings (D:13)
  4 fungi (D:9)
  9 plants
16 creatures vanquished.

Grand Total: 364 creatures vanquished

Notes
Turn   | Place    | Note
-------+----------+-------------------------------------------
     0 | D:1      | Doot the Meteoran Conjurer began the quest for the Orb.
     0 | D:1      | Reached XP level 1. HP: 14/14 MP: 5/5
    31 | D:1      | Reached skill level 5 in Conjurations
    53 | D:1      | Reached XP level 2. HP: 20/20 MP: 1/6
    73 | D:1      | Learned a level 2 spell: Searing Ray
   318 | D:1      | Reached XP level 3. HP: 26/26 MP: 5/8
   340 | D:1      | Reached skill level 3 in Spellcasting
   501 | D:1      | Glimpsed the power of Zot.
   566 | D:2      | Reached XP level 4. HP: 22/33 MP: 3/9
   882 | D:3      | Found a shimmering altar of Xom.
   882 | D:3      | Found an iron altar of Okawaru.
   962 | D:3      | Reached XP level 5. HP: 38/38 MP: 8/11
   970 | D:3      | Learned a level 4 spell: Iskenderun's Mystic Blast
  1047 | D:3      | Learned a level 3 spell: Stone Arrow
  1075 | D:3      | Found a broken altar of Ashenzari.
  1262 | D:4      | Noticed Ijyb
  1336 | D:4      | Found a runed translucent door.
  1337 | D:4      | Noticed Crazy Yiuf
  1342 | D:4      | Killed Crazy Yiuf
  1394 | D:4      | Found Sihuagaw's Weapon Shop.
  1396 | D:4      | Noticed a two-headed ogre
  1416 | D:5      | Entered Level 5 of the Dungeon
  1446 | D:5      | Reached skill level 4 in Spellcasting
  1446 | D:5      | Reached XP level 6. HP: 46/46 MP: 2/13
  1452 | D:5      | Reached skill level 1 in Short Blades
  1452 | D:5      | Reached skill level 1 in Earth Magic
  1502 | D:5      | Found a staircase to the Ecumenical Temple.
  1513 | D:5      | Reached XP level 7. HP: 51/51 MP: 11/15
  1515 | Temple   | Entered the Ecumenical Temple
  1539 | Temple   | Became a worshipper of Vehumet
  1585 | D:5      | Learned a level 4 spell: Sticky Flame
  1761 | D:5      | Reached skill level 1 in Fighting
  1983 | D:5      | Reached skill level 5 in Spellcasting
  2053 | D:6      | Noticed Blork the orc
  2064 | D:6      | Killed Blork the orc
  2105 | D:6      | Noticed Eustachio
  2133 | D:6      | Noticed Prince Ribbit
  2141 | D:6      | Killed Prince Ribbit
  2142 | D:6      | Reached skill level 6 in Spellcasting
  2142 | D:6      | Reached XP level 8. HP: 11/59 MP: 0/18
  2162 | D:6      | Killed Eustachio
  2201 | D:6      | Identified the +1 rapier "Ycuneos" {pain, rF- rN+ Int+4}
  2278 | D:6      | Reached * piety under Vehumet
  2278 | D:6      | Offered knowledge of Shock by Vehumet.
  2384 | D:6      | Gained mutation: You passively map the area around you.
                  | [Meteoran growth]
  2384 | D:6      | Reached XP level 9. HP: 62/64 MP: 12/20
  2484 | D:7      | Reached skill level 7 in Spellcasting
  2533 | D:7      | Found Uqiebbox's Distillery.
  2536 | D:7      | Reached skill level 1 in Fire Magic
  2542 | D:7      | Bought a potion of degeneration for 12 gold pieces
  2542 | D:7      | Bought a potion of heal wounds for 60 gold pieces
  2542 | D:7      | Bought a potion of heal wounds for 60 gold pieces
  2567 | D:7      | Reached ** piety under Vehumet
  2567 | D:7      | Offered knowledge of Foxfire by Vehumet.
  2602 | D:7      | Reached skill level 5 in Earth Magic
  2646 | D:7      | Found a shimmering blue altar of Sif Muna.
  2646 | D:7      | Found an ornate altar of the Wu Jian Council.
  2731 | D:7      | Reached skill level 8 in Spellcasting
  2731 | D:7      | Reached skill level 1 in Translocations
  2844 | D:8      | Offered knowledge of Inner Flame by Vehumet.
  2850 | D:8      | Reached XP level 10. HP: 68/73 MP: 4/23
  2961 | D:8      | Reached skill level 5 in Dodging
  2961 | D:8      | Reached *** piety under Vehumet
  3041 | D:8      | Reached skill level 10 in Conjurations
  3045 | D:8      | Reached skill level 9 in Spellcasting
  3056 | D:8      | Offered knowledge of Hailstorm by Vehumet.
  3233 | D:9      | Noticed Grum
  3240 | D:9      | Reached skill level 10 in Spellcasting
  3240 | D:9      | Killed Grum
  3356 | D:9      | Noticed a two-headed ogre
  3360 | D:9      | Reached **** piety under Vehumet
  3362 | D:9      | Killed a two-headed ogre
  3363 | D:9      | Reached XP level 11. HP: 80/80 MP: 21/26
  3441 | D:9      | Reached skill level 11 in Spellcasting
  3477 | D:9      | Found a staircase to the Lair.
  3565 | D:9      | Noticed Erica
  3585 | D:9      | Killed Erica
  3705 | D:10     | Entered Level 10 of the Dungeon
  3710 | D:10     | Noticed a two-headed ogre
  3711 | D:10     | Offered knowledge of Lee's Rapid Deconstruction by Vehumet.
  3715 | D:10     | Killed a two-headed ogre
  3716 | D:10     | Reached skill level 12 in Spellcasting
  3729 | D:10     | Learned a level 5 spell: Lee's Rapid Deconstruction
  3801 | D:10     | Noticed a sea snake
  4007 | D:10     | Noticed a cyan ugly thing
  4007 | D:10     | Noticed a green ugly thing
  4008 | D:10     | Noticed a white ugly thing
  4009 | D:10     | Noticed a green ugly thing
  4012 | D:10     | Killed a purple ugly thing
  4012 | D:10     | Killed a white ugly thing
  4014 | D:10     | Killed a green ugly thing
  4025 | D:10     | Reached skill level 1 in Staves
  4025 | D:10     | Reached XP level 12. HP: 21/88 MP: 17/29
  4129 | D:10     | Reached skill level 13 in Spellcasting
  4130 | D:10     | Identified the +8 great sword of Mayhem {vorpal, Fly rC++
                  | Will+ Str-4}
  4179 | D:10     | Noticed a two-headed ogre
  4184 | D:10     | Killed a two-headed ogre
  4227 | D:10     | Found a sparkling altar of Nemelex Xobeh.
  4227 | D:10     | Found an opulent altar of Gozag.
  4273 | D:10     | Identified the +5 arbalest "Juammaru" {freeze, rPois Str+4
                  | Dex+3}
  4273 | D:10     | Noticed a centaur warrior
  4278 | D:10     | Killed a centaur warrior
  4384 | D:10     | Reached ***** piety under Vehumet
  4384 | D:10     | Offered knowledge of Conjure Ball Lightning by Vehumet.
  4387 | D:10     | Reached skill level 1 in Long Blades
  4407 | D:10     | Learned a level 6 spell: Conjure Ball Lightning
  4429 | D:10     | Found a staircase to the Orcish Mines.
  4434 | D:10     | Reached skill level 5 in Translocations
  4449 | Orc:1    | Entered Level 1 of the Orcish Mines
  4523 | Orc:2    | Entered Level 2 of the Orcish Mines
  4523 | Orc:2    | Found a staircase to the Elven Halls.
  4605 | D:11     | Reached skill level 14 in Spellcasting
  4632 | D:11     | Got the Codex of Malediction
  4641 | D:11     | Noticed a two-headed ogre
  4647 | D:11     | Killed a two-headed ogre
  4648 | D:11     | Reached XP level 13. HP: 77/94 MP: 19/32
  4653 | D:11     | Noticed a two-headed ogre
  4659 | D:11     | Killed a two-headed ogre
  4785 | D:11     | Learned a level 7 spell: Ozocubu's Refrigeration
  4861 | D:11     | Found Onnorudo's General Store.
  4866 | D:11     | Reached skill level 10 in Earth Magic
  4867 | D:11     | Reached skill level 1 in Ice Magic
  5204 | D:12     | Noticed a four-headed hydra
  5210 | D:12     | Killed a four-headed hydra
  5366 | D:12     | Reached skill level 15 in Spellcasting
  5611 | D:13     | Found Vukod's Weapon Shoppe.
  5700 | D:13     | Noticed a tengu warrior
  5708 | D:13     | Killed a tengu warrior
  5711 | D:13     | Offered knowledge of Eringya's Noxious Bog by Vehumet.
  5741 | D:13     | Noticed a centaur warrior
  5745 | D:13     | Killed a centaur warrior
  5831 | D:13     | Noticed a tengu warrior
  5835 | D:13     | Killed a tengu warrior
  5872 | D:13     | Learned a level 4 spell: Dispel Undead
  5946 | D:13     | Noticed a centaur warrior
  5950 | D:13     | Shot with an arrow by a centaur warrior

Illustrated notes

Levels and vault maps discovered:
D:1:      lemuel_arrival_broad_hall, layout_loops_corners, minivault_26,
          minmay_misc_feat_room
D:2:      layout_loops_ring, serial_bayou_pond_d, nicolae_grassy_gnolls
D:3:      layout_loops_cross, mainiacjoe_overflow_six_doors_small,
          jmf_multi_god_temple, nrook_mini_vaults
D:4:      layout_basic, serial_shops, shop, uniq_ijyb, uniq_crazy_yiuf_cottage
D:5:      layout_basic, minmay_temple_entry_mist, serial_co_window_serial,
          co_window_of_opportunity_a, co_window_paths_a,
          co_window_of_opportunity_a, co_window_corner_a, co_window_cross_1,
          co_window_corner_cb, co_window_corner_b, co_window_2corner,
          co_window_2corner, co_window_broadway_a, co_window_broadway_a,
          glass_columns_c, glass_columns_a, glass_columns_a, glass_columns_b,
          glass_columns_b, minmay_misc_feat_alley
D:6:      lemuel_ratsnest, layout_rooms, uniq_blork_the_orc,
          uniq_prince_ribbit1, uniq_eustachio
D:7:      layout_gridville, mainiacjoe_overflow_divided_tiny, serial_shops, shop
D:8:      layout_loops_cross, grunt_ministairs_10
D:9:      layout_gridville, grunt_lair_entry_orc_guard_hut, bh_walls_and_bars,
          uniq_grum, uniq_erica
D:10:     minmay_the_grid_octo_tiled_octocenter [minmay_the_grid_octo_odd_swirl,
          minmay_the_grid_octo_clover, minmay_the_grid_octo_thin_diamonds,
          minmay_the_grid_octo_toaster,
          minmay_the_grid_octo_prize_square_snowflake,
          minmay_the_grid_square_5x5_checkered,
          minmay_the_grid_square_5x5_inner_z, minmay_the_grid_square_5x5_three,
          minmay_the_grid_square_5x5_hourglass], layout_basic,
          grunt_temple_overflow_opulence, david_orc_4, serial_aquarium,
          aquarium_bridge_long_separate [aquarium_subvault_bridge,
          aquarium_subvault_window, aquarium_subvault_wall,
          aquarium_subvault_wall, aquarium_subvault_window,
          aquarium_subvault_bridge], aquarium_window_corner,
          aquarium_window_fake, aquarium_window_corridor_2, aquarium_window_1,
          aquarium_view_2c, aquarium_pool_2
D:11:     layout_basic, serial_shops, nicolae_shop_waterfront,
          minmay_misc_feat_square, wad_floor_pattern_1
D:12:     layout_basic
D:13:     layout_irregular_city, serial_shops, nicolae_shop_bloodbath_and_beyond
Temple:   eino_wide_crystal_templ
Orc:1:    layout_caves, minmay_orc_temple_c
Orc:2:    grunt_orc_gardens, layout_caves, grunt_orc_garden, grunt_orc_garden,
          grunt_orc_garden, grunt_orc_garden

Skill      XL: |  1  2  3  4  5  6  7  8  9 10 11 12 13 |
---------------+----------------------------------------+-----
Conjurations   | 5 6 7 8 9 11 12 13 | 13.7
Spellcasting   | 3 4 6 8 10 12 14 15 | 15.4
Short Blades   | 1 |  1.8
Earth Magic    | 1 3 4 5 6 7 9 10 | 10.9
Dodging        | 3 4 6 7 |  7.3
Fighting       | 1 2 3 |  3.6
Stealth        | 2 |  2.7
Fire Magic     | 1 2 |  2.0
Translocations | 1 3 4 5 |  5.8
Staves         | 1 |  1.3
Long Blades    | 2 |  2.8
Ice Magic      | 3 |  3.8

Action                   |  1- 3 |  4- 6 |  7- 9 | 10-12 | 13-15 || total
-------------------------+-------+-------+-------+-------+-------++-------
Melee: Dagger            |       |    33 |    15 |       |       ||    48
       Punch             |       |     1 |       |       |       ||     1
       Staff             |       |     4 |     7 |     7 |       ||    18
       Great sword       |       |       |       |     6 |     6 ||    12
 Cast: Magic Dart        |    45 |    13 |     6 |     6 |       ||    70
       Searing Ray       |     2 |    11 |    18 |     9 |       ||    40
       Stone Arrow       |       |    19 |    45 |    78 |    43 ||   185
       Iskenderun's Myst |       |       |    15 |    43 |    11 ||    69
       Sticky Flame      |       |       |     2 |     5 |     5 ||    12
       Lee's Rapid Decon |       |       |       |    22 |     9 ||    31
       Conjure Ball Ligh |       |       |       |       |     1 ||     1
 Stab: Sleeping          |       |     2 |       |       |       ||     2
Armor: Robe              |       |     9 |    31 |    60 |    24 ||   124
Dodge: Dodged            |     6 |    20 |    45 |    78 |    25 ||   174
